 Dungeon Crawl Stone Soup version 0.30-a0-702-gdf48620a09 (webtiles) character file.

Game seed: 18225946377854564841

28 flotson the Sneak (level 3, -1/29 HPs)
             Began as a Demonspawn Delver on Jan 22, 2023.
             Succumbed to an adder's poison
             ... on level 4 of the Dungeon.
             The game lasted 00:00:45 (156 turns).

flotson the Sneak (Demonspawn Delver)                Turns: 156, Time: 00:00:46

Health: -1/29      AC:  5    Str: 14    XL:     3   Next: 0%
Magic:  3/3        EV: 11    Int: 11    God:
Gold:   11         SH:  0    Dex: 14    Spells: 2/2 levels left

rFire   . . .      SeeInvis .    a - +0 hand axe
rCold   . . .      Faith    .    (no shield)
rNeg    . . .      Spirit   .    f - +0 ring mail
rPois   .          Reflect  .    (no helmet)
rElec   .          Harm     .    (no cloak)
rCorr   .          Rampage  .    (no gloves)
Will    .....                    (no boots)
Stlth   ++                       (no amulet)
HPRegen 0.24/turn                (no ring)
MPRegen 0.08/turn                (no ring)

@: lethally poisoned (-1 -> -5)
A: demonic touch 1
a: no special abilities


You were on level 4 of the Dungeon.
You visited 1 branch of the dungeon, and saw 2 of its levels.

You collected 11 gold pieces.

Inventory:

Hand Weapons
 a - a +0 hand axe (weapon)
Armour
 f - a +0 ring mail (worn)
Wands
 g - a wand of digging (3)
Scrolls
 c - a scroll of fog
 d - a scroll of magic mapping
 e - a scroll of fear


   Skills:
 + Level 3.2 Fighting
 - Level 2.0 Axes
 + Level 0.6 Armour
 + Level 2.1 Dodging
 + Level 4.7 Stealth
 + Level 0.8 Evocations


You had 2 spell levels left.
You didn't know any spells.
Your spell library was empty.

Dungeon Overview and Level Annotations

Branches:
Dungeon (5/15)
 Temple: D:4-7

Altars:


Innate Abilities, Weirdness & Mutations

Your touch may inflict minor irresistible damage on your foes.


Message History

The adder barely misses you. The adder bites you but does no damage.
You miss the adder. Your touch misses the adder.
The adder is moderately wounded.
The adder bites you.
You miss the adder. Your touch misses the adder.
The adder is moderately wounded.
The adder bites you.
You are poisoned.
The adder poisons you! The adder closely misses you.
You closely miss the adder.
The adder is moderately wounded.
You feel sick. The adder closely misses you.
You closely miss the adder.
The adder is moderately wounded.
You feel sick.
The adder bites you but does no damage. x2
You closely miss the adder. Your touch misses the adder.
The adder is moderately wounded.
You feel sick. The adder bites you but does no damage.
An adder comes into view.
The adder bites you but does no damage.
You hit the adder.
The adder is heavily wounded.
You hear the slow rusting of a distant drain.
You feel sick. The adder bites you.
* * * LOW HITPOINT WARNING * * *
You barely miss the adder.
The adder is heavily wounded.
You feel sick.
You are no longer poisoned.
The adder bites you.
* * * LOW HITPOINT WARNING * * *
You are lethally poisoned!
The adder poisons you! The adder bites you but does no damage.
You hit the adder.
The adder is heavily wounded.
* * * LOW HITPOINT WARNING * * *
You feel sick. The adder closely misses you.
You hit the adder.
You kill the adder!
You die...

$# .# .####.# .##... #
..#.#####. ..........###
............###########.
#...#### ##.............
##..# #..........#.:.
#..# #......@†S...#
###.## #..[.......###
#....#####..........#
....................#
#....#####..........#
###### ############


You could see an adder.

Vanquished Creatures
  A hound (D:4)
  An adder (D:4)
  A ball python (D:4)
3 creatures vanquished.

Notes
Turn   | Place    | Note
-------+----------+-------------------------------------------
     0 | D:5      | flotson the Demonspawn Delver began the quest for the Orb.
     0 | D:5      | Reached XP level 1. HP: 18/18 MP: 1/1
   100 | D:4      | Noticed a hound
   113 | D:4      | Killed a hound
   114 | D:4      | Discovered your monstrous ancestry.
   114 | D:4      | Gained mutation: Your touch may inflict minor irresistible
                  | damage on your foes. [demonic ancestry]
   114 | D:4      | Reached XP level 2. HP: 11/24 MP: 2/2
   146 | D:4      | Reached XP level 3. HP: 19/29 MP: 3/3
   155 | D:4      | HP: 1/29 [poisoned by an adder]
   156 | D:4      | Succumbed to an adder's poison

Illustrated notes

Levels and vault maps discovered:
D:4:      layout_rooms, gup_sewer_entry_bowl, chequers_serial_rivers_small_3,
          minmay_snake_closets, uniq_edmund, uniq_grinder, uniq_menkaure,
          uniq_eustachio
D:5:      layout_loops_corners, serial_shops, shop, grunt_tough_drop

Skill      XL: |  1 |
---------------+----+-----
Axes           | 2 |  2.0
Dodging        | 2 |  2.1
Fighting       | |  3.2
Armour         | |  0.6
Stealth        | |  4.7
Evocations     | |  0.8

Action                   || total
-------------------------++-------
Melee: Hand axe          ||    21
  Use: Potion            ||     1
Armor: Leather armour    ||     1
       Ring mail         ||     8
Dodge: Dodged            ||     6

Table legend: (Time is in decaauts)
 A = Elapsed time spent in this place.
 B = Non-inter-level travel time spent in this place.
 C = Inter-level travel time spent in this place.
 D = Time resting spent in this place.
 E = Time spent auto-exploring this place.
 F = Levels seen in this place.
 G = Mean time per level.
                   A        B        C        D        E       F      G
               +--------+--------+--------+--------+--------+-----+--------+
         Total |    143 |    143 |      0 |      0 |     85 |   2 |   71.5 |
       Dungeon |    143 |    143 |      0 |      0 |     85 |   2 |   71.5 |
               +--------+--------+--------+--------+--------+-----+--------+

Top non-repeatable levels by time:
     D:5: 90 daAuts
     D:4: 53 daAuts
